 Dungeon Crawl Stone Soup version 0.21-a0-51-gea492e9 (webtiles) character file.

1001 smzp the Poker (level 8, -2/67 HPs)
             Began as a Centaur Fighter on June 12, 2017.
             Slain by a centaur (7 damage)
             ... on level 5 of the Dungeon.
             The game lasted 00:13:05 (4329 turns).

smzp the Poker (Centaur Fighter)                    Turns: 4329, Time: 00:13:07

Health: -2/67      AC: 13    Str: 22    XL:     8   Next: 0%
Magic:  8/8        EV:  4    Int:  7    God:
Gold:   283        SH:  0    Dex:  8    Spells: 7/7 levels left

rFire    . . .     SeeInvis +   a - +1 scythe (freeze)
rCold    . . .     Gourm    .   (shield currently unavailable)
rNeg     . . .     Faith    .   i - +0 plate armour
rPois    .         Spirit   .   o - +2 hat
rElec    .         Reflect  .   (no cloak)
rCorr    .         Harm     .   (no gloves)
MR       .....     Rnd*Rage +   (no barding)
Stlth    ..........             (no amulet)
Regen    0.3/turn               (no ring)
MPRegen  0.2/turn               (no ring)

@: very quick
A: hooves 3, yellow scales 1, see invisible, berserk 1, deformed body, speed 2,
tough skin 3
a: no special abilities


You were on level 5 of the Dungeon.
You were very hungry.

You visited 1 branch of the dungeon, and saw 5 of its levels.
You visited the Abyss 1 time.

You collected 283 gold pieces.

Inventory:

Hand Weapons
 a - a +1 scythe of freezing (weapon)
Armour
 i - a +0 plate armour (worn)
 o - a +2 hat (worn)
Scrolls
 b - 3 scrolls of remove curse
 d - 2 scrolls of blinking
 m - a scroll of magic mapping
 n - 3 scrolls of enchant weapon
Potions
 c - a potion of might
 e - a potion of flight
 g - a potion of invisibility
 h - 3 potions of agility
 p - 4 potions of curing {unknown}
Comestibles
 f - 5 bread rations
 j - a royal jelly
 l - 4 fruits


   Skills:
 + Level 4.4 Fighting
 + Level 6.1 Polearms
 + Level 4.1 Armour
 + Level 1.0 Dodging
 + Level 0.3 Stealth
   Level 2.7 Shields


You had 7 spell levels left.
You didn't know any spells.

Dungeon Overview and Level Annotations

Branches:
Dungeon (5/15)
 Temple: D:4-7

Altars:
Ru
Uskayaw
Yredelemnul


Innate Abilities, Weirdness & Mutations

You have hooves in place of feet.
Armour fits poorly on your strangely shaped body.
You cover ground very quickly.
You have extremely tough skin. (AC +3)
You are partially covered in yellow scales. (AC +2)
You have supernaturally acute eyesight. (SInv)
You tend to lose your temper in combat.


Message History

* * * LOW HITPOINT WARNING * * *
The orc hits you but does no damage.
You barely miss the orc. You kick the orc.
The orc is lightly wounded.
The orc hits you but does no damage. x2
You slash the orc! You freeze the orc.
You kill the orc!
The centaur shoots an arrow.
The arrow hits you but does no damage.
The centaur shoots an arrow.
The arrow hits you but does no damage.
The centaur shoots an arrow.
The arrow hits you.
* * * LOW HITPOINT WARNING * * *
Things that are here:
a short sword; a dyed leather armour You barely miss the centaur.
Your kick misses the centaur.
The centaur unwields an uncursed shortbow.
The centaur hits you but does no damage.
The centaur hits you.
* * * LOW HITPOINT WARNING * * *
The centaur hits you!
You die...

#######
#.....#
#.###.#
#...#.# ####
#.#.#.# ...
#.....## ..#
#......# ..#
#.#.##.####..#
#†#.(..(((@c.#
#.####.#####.#
#.####.# ..
#......# #.#
#.###### #
##.######
#.....[.# ..
## ##
#..####.# ..
#. .#
#..####.### #.
.#.


You could see a centaur.

Vanquished Creatures
  Sigmund (D:2)
  An ice beast (D:5)
  A sky beast (D:5)
  An ogre (D:4)
  A water moccasin skeleton (D:5)
  A scorpion (D:5)
  2 hounds
  A centaur skeleton (D:4)
  3 orc wizards (D:4)
  Jessica (D:2)
  An iguana (D:4)
  2 worker ants
  A hound zombie (D:5)
  Robin (D:3)
  3 adders
  3 shadow imps (D:5)
  3 worms
  A leopard gecko (D:3)
  15 orcs
  2 ball pythons (D:2)
  3 giant cockroaches
  10 goblins
  12 hobgoblins
  4 kobolds
  2 quokkas
  8 bats
  5 frilled lizards
  A giant cockroach zombie (D:5)
  2 gnoll zombies (D:3)
  A leopard gecko skeleton (D:4)
  9 rats
102 creatures vanquished.

Vanquished Creatures (others)
  An orc wizard (D:4)
1 creature vanquished.

Grand Total: 103 creatures vanquished

Notes
Turn   | Place    | Note
-------+----------+-------------------------------------------
     0 | D:1      | smzp the Centaur Fighter began the quest for the Orb.
     0 | D:1      | Reached XP level 1. HP: 19/19 MP: 1/1
   163 | D:1      | Reached XP level 2. HP: 18/26 MP: 2/2
   763 | D:2      | Reached skill level 2 in Polearms
   763 | D:2      | Reached XP level 3. HP: 30/31 MP: 3/3
   874 | D:2      | Noticed Jessica
   887 | D:2      | Killed Jessica
  1082 | D:2      | Reached XP level 4. HP: 34/38 MP: 4/4
  1275 | D:2      | Noticed Sigmund
  1290 | D:2      | Killed Sigmund
  1290 | D:2      | Reached skill level 3 in Polearms
  1290 | D:2      | Reached XP level 5. HP: 9/45 MP: 5/5
  1731 | D:3      | Noticed Robin
  1773 | D:3      | Reached XP level 6. HP: 10/51 MP: 6/6
  1774 | D:3      | Killed Robin
  1774 | D:3      | Reached skill level 4 in Polearms
  2136 | D:3      | Found a basalt altar of Yredelemnul.
  2941 | D:4      | Found a sacrificial altar of Ru.
  2972 | D:4      | Reached skill level 5 in Polearms
  2972 | D:4      | Reached XP level 7. HP: 32/59 MP: 7/7
  3264 | D:4      | Cast into level 1 of the Abyss (orc)
  3353 | D:4      | Escaped the Abyss
  3781 | D:4      | Found a hide-covered altar of Uskayaw.
  3925 | D:5      | Entered Level 5 of the Dungeon
  4006 | D:5      | Reached skill level 1 in Dodging
  4234 | D:5      | Reached skill level 6 in Polearms
  4272 | D:5      | Gained mutation: Scrolls take you a little longer to read. [potion of mutation]
  4272 | D:5      | Gained mutation: You possess an exceptional clarity of mind. [potion of mutation]
  4273 | D:5      | Lost mutation: Scrolls take you a little longer to read. [potion of mutation]
  4273 | D:5      | Lost mutation: You possess an exceptional clarity of mind. [potion of mutation]
  4273 | D:5      | Gained mutation: You are dopey. (Int -2) [potion of mutation]
  4273 | D:5      | Gained mutation: You have supernaturally acute eyesight. (SInv) [potion of mutation]
  4274 | D:5      | Lost mutation: You are dopey. (Int -2) [potion of mutation]
  4274 | D:5      | Lost mutation: You have supernaturally acute eyesight. (SInv) [potion of mutation]
  4274 | D:5      | Gained mutation: You tend to lose your temper in combat. [potion of mutation]
  4274 | D:5      | Gained mutation: You have supernaturally acute eyesight. (SInv) [potion of mutation]
  4274 | D:5      | Gained mutation: You are partially covered in yellow scales. (AC +2) [potion of mutation]
  4319 | D:5      | Reached XP level 8. HP: 22/67 MP: 8/8
  4329 | D:5      | Slain by a centaur

Vault maps used:
D:1:      lightli_arrival_boilingwater, serial_glass, glass_columns_a,
          glass_columns_c, minmay_hedge_maze, minmay_pentomino_q4
D:2:      serial_bayou_crossing, uniq_jessica, uniq_sigmund
D:3:      lemuel_zombie_altar_yredelemnul, first_bread, uniq_robin
D:4:      chequers_temple_overflow_statue_of_worship
D:5:      minmay_temple_entry_glassed_door

Skill      XL: |  1  2  3  4  5  6  7 |
---------------+----------------------+-----
Polearms       | 2 3 5 6 |  6.1
Armour         | 3 4 |  4.1
Fighting       | 4 |  4.4
Dodging        | 1 |  1.0
Stealth        | |  0.3
Shields        | |  2.7

Action                   |  1- 3 |  4- 6 |  7- 9 || total
-------------------------+-------+-------+-------++-------
Melee: Trident           |   136 |    10 |       ||   146
       Kick              |    16 |    32 |    26 ||    74
       Scythe            |       |   146 |   112 ||   258
  Use: Scroll            |     4 |     4 |     3 ||    11
       Potion            |       |     1 |     3 ||     4
  Eat: Chunk             |       |     5 |     3 ||     8
       Fruit             |       |       |     1 ||     1
Armor: Scale mail        |    33 |       |       ||    33
       Chain mail        |    36 |   139 |    55 ||   230
       Plate armour      |       |       |    60 ||    60
Dodge: Dodged            |    25 |    75 |    35 ||   135
Block: Shield            |    57 |     4 |       ||    61
